ITL
AMARILLO ARCHDUKES @ BIRMINGHAM BARONS
08/29/2028
 
TOP OF THE 1ST
Amarillo Archdukes batting - Pitching for Birmingham Barons : RHP Michael Young
Pitching: RHP Michael Young
Batting: SHB Álex Hernández 0-0: Ball
1-0: Ball
2-0: Foul Ball, location: 2F
2-1: Fly out, F9 (Line Drive, 9LM)
Batting: LHB John Frost 0-0: Called Strike
0-1: Ball
1-1: Foul Ball, location: 2F
1-2: Foul Ball, location: 2F
1-2: Fly out, F8 (Flyball, 8RS)
Batting: LHB Michael Cook 0-0: Ball
1-0: Called Strike
1-1: Foul Ball, location: 2F
1-2: TRIPLE (Line Drive, 8RD)
Batting: RHB Herb Bunch 0-0: Foul Ball, location: 2F
0-1: Ball
1-1: Foul Ball, location: 2F
1-2: Ball
2-2: SINGLE (Groundball, 6MD)
Michael Cook scores
Batting: LHB Howard Lambert 0-0: Foul Ball, location: 2F
0-1: Foul Ball, location: 2F
0-2: Ball
1-2: Ball
2-2: Foul Ball, location: 2F
2-2: Ball
3-2: 2-RUN HOME RUN (Flyball, 9D), Distance : 366 ft
Batting: RHB Nobuharu Hoshino 0-0: Foul Ball, location: 2F
0-1: Foul Ball, location: 2F
0-2: Ball
1-2: Ball
2-2: Ball
3-2: Strikes out swinging
Top of the 1st over - 3 run(s), 3 hit(s), 0 error(s), 0 left on base; Amarillo 3 - Birmingham 0
BOTTOM OF THE 1ST
Birmingham Barons batting - Pitching for Amarillo Archdukes : RHP Raymond Gregg
Pitching: RHP Raymond Gregg
Batting: LHB Alberto Santos 0-0: Ball
1-0: Called Strike
1-1: Swinging Strike
1-2: Ball
2-2: Ball
3-2: Ground out 4-3 (Groundball, 4)
Batting: SHB Orlando Aguilar 0-0: Ball
1-0: Ball
2-0: Foul Ball, location: 2F
2-1: Ground out U3 (Groundball, 3)
Batting: RHB Bryant von Bohlen 0-0: Ball
1-0: Called Strike
1-1: Foul Ball, location: 2F
1-2: Strikes out swinging
Bottom of the 1st over - 0 run(s), 0 hit(s), 0 error(s), 0 left on base; Amarillo 3 - Birmingham 0
TOP OF THE 2ND
Amarillo Archdukes batting - Pitching for Birmingham Barons : RHP Michael Young
Batting: SHB Jeff Chambers 0-0: Called Strike
0-1: Foul Ball, location: 2F
0-2: Ball
1-2: Foul Ball, location: 2F
1-2: Ball
2-2: Ground out 4-3 (Groundball, 4)
Batting: LHB Edwin Ryan 0-0: SINGLE (Groundball, 4MD)
Batting: RHB Esteban Lara 0-0: Ball
1-0: Ball
2-0: Called Strike
2-1: Called Strike
2-2: Ball
3-2: Foul Ball, location: 2F
3-2: SINGLE (Groundball, 34D)
Edwin Ryan to second
Runner from 2nd tries for 3rd, OUT!
Esteban Lara to second
Batting: SHB Álex Hernández 0-0: Ball
1-0: Fly out, F4 (Popup, 4MD)
Top of the 2nd over - 0 run(s), 2 hit(s), 0 error(s), 1 left on base; Amarillo 3 - Birmingham 0
BOTTOM OF THE 2ND
Birmingham Barons batting - Pitching for Amarillo Archdukes : RHP Raymond Gregg
Batting: LHB Bob Jones 0-0: SOLO HOME RUN (Flyball, 78XD), Distance : 401 ft
Batting: RHB Carlos Vásquez 0-0: Ball
1-0: Called Strike
1-1: Ball
2-1: Foul Ball, location: 2F
2-2: Strikes out swinging
Batting: RHB Warren Martin 0-0: Ball
1-0: Fly out, F3 (Flyball, 3D)
Batting: RHB Jean-Paul St-Pierre 0-0: Swinging Strike
0-1: DOUBLE (Flyball, 78XD)
Batting: LHB John Haney 0-0: Foul Ball, location: 2F
0-1: Ball
1-1: TRIPLE (Line Drive, 7LM)
Jean-Paul St-Pierre scores
Batting: RHB Rusty Downy 0-0: Foul Ball, location: 2F
0-1: Foul Ball, location: 2F
0-2: Strikes out looking
Bottom of the 2nd over - 2 run(s), 3 hit(s), 0 error(s), 1 left on base; Amarillo 3 - Birmingham 2
TOP OF THE 3RD
Amarillo Archdukes batting - Pitching for Birmingham Barons : RHP Michael Young
Batting: LHB John Frost 0-0: Swinging Strike
0-1: Ball
1-1: Fly out, F5 (Popup, 56)
Batting: LHB Michael Cook 0-0: Ball
1-0: Ball
2-0: Fly out, F9 (Flyball, 9)
Batting: RHB Herb Bunch 0-0: Swinging Strike
0-1: Foul Ball, location: 2F
0-2: Ground out 5-3 (Groundball, 56S)
Top of the 3rd over - 0 run(s), 0 hit(s), 0 error(s), 0 left on base; Amarillo 3 - Birmingham 2
BOTTOM OF THE 3RD
Birmingham Barons batting - Pitching for Amarillo Archdukes : RHP Raymond Gregg
Batting: LHB Alberto Santos 0-0: Ball
1-0: Called Strike
1-1: Ball
2-1: Ground out 1-3 (Groundball, P)
Batting: SHB Orlando Aguilar 0-0: Called Strike
0-1: Swinging Strike
0-2: Ball
1-2: Foul Ball, location: 2F
1-2: Strikes out swinging
Batting: RHB Bryant von Bohlen 0-0: Ball
1-0: Ball
2-0: Ball
3-0: Called Strike
3-1: Foul Ball, location: 2F
3-2: Fly out, F9 (Flyball, 89M)
Bottom of the 3rd over - 0 run(s), 0 hit(s), 0 error(s), 0 left on base; Amarillo 3 - Birmingham 2
TOP OF THE 4TH
Amarillo Archdukes batting - Pitching for Birmingham Barons : RHP Michael Young
Batting: LHB Howard Lambert 0-0: Called Strike
0-1: Ball
1-1: Ground out 1-3 (Groundball, 13S)
Batting: RHB Nobuharu Hoshino 0-0: Ball
1-0: Foul Ball, location: 2F
1-1: Called Strike
1-2: SOLO HOME RUN (Flyball, 7LD), Distance : 358 ft
Batting: SHB Jeff Chambers 0-0: Foul Ball, location: 2F
0-1: SINGLE (Groundball, 6D)
Batting: LHB Edwin Ryan 0-0: Swinging Strike
0-1: Called Strike
0-2: Strikes out looking
Batting: RHB Esteban Lara 0-0: Ball
1-0: SINGLE (Line Drive, 89S)
Jeff Chambers to second
Batting: SHB Álex Hernández 0-0: Ball
1-0: SINGLE (Groundball, 6MD)
Jeff Chambers to third
Esteban Lara to second
Runner from 3rd tries for Home, SAFE, no throw
Batting: LHB John Frost 0-0: Swinging Strike
0-1: Ball
1-1: Ball
2-1: Swinging Strike
2-2: Strikes out swinging
Top of the 4th over - 2 run(s), 4 hit(s), 0 error(s), 2 left on base; Amarillo 5 - Birmingham 2
BOTTOM OF THE 4TH
Birmingham Barons batting - Pitching for Amarillo Archdukes : RHP Raymond Gregg
Batting: LHB Bob Jones 0-0: Swinging Strike
0-1: Ball
1-1: Called Strike
1-2: Ball
2-2: Foul Ball, location: 2F
2-2: Ball
3-2: Base on Balls
Batting: RHB Carlos Vásquez 0-0: Ball
1-0: Ball
2-0: Foul Ball, location: 2F
2-1: Fly out, F3 (Line Drive, 34)
Lined into DP, U3 (Line Drive, 34)
Batting: RHB Warren Martin 0-0: Ball
1-0: Ball
2-0: Foul Ball, location: 2F
2-1: Foul Ball, location: 2F
2-2: Foul Ball, location: 2F
2-2: Ball
3-2: Foul Ball, location: 2F
3-2: Base on Balls
Batting: RHB Jean-Paul St-Pierre 0-0: Ball
1-0: Ball
2-0: Foul Ball, location: 2F
2-1: Ball
3-1: Base on Balls
Warren Martin to second
Batting: LHB John Haney 0-0: Ball
1-0: Ball
2-0: Ball
3-0: Called Strike
3-1: Base on Balls
Warren Martin to third
Jean-Paul St-Pierre to second
Batting: RHB Rusty Downy 0-0: Ball
1-0: Ball
2-0: Foul Ball, location: 2F
2-1: Called Strike
2-2: Foul Ball, location: 2F
2-2: Strikes out swinging
Bottom of the 4th over - 0 run(s), 0 hit(s), 0 error(s), 3 left on base; Amarillo 5 - Birmingham 2
TOP OF THE 5TH
Amarillo Archdukes batting - Pitching for Birmingham Barons : RHP Michael Young
Pitching: RHP Michel Dallaire
Batting: LHB Michael Cook 0-0: Ball
1-0: Ball
2-0: Ball
3-0: Base on Balls
Batting: RHB Herb Bunch 0-0: Ball
1-0: Ball
2-0: Swinging Strike
2-1: Fielders Choice at 2nd, 4-6 (Groundball, 4M)
Batting: LHB Howard Lambert 0-0: Called Strike
0-1: Foul Ball, location: 2F
0-2: Ball
1-2: Ball
2-2: Foul Ball, location: 2F
2-2: Foul Ball, location: 2F
2-2: Foul Ball, location: 2F
2-2: Strikes out swinging
Batting: RHB Nobuharu Hoshino 0-0: Ball
1-0: Called Strike
1-1: Foul Ball, location: 2F
1-2: Ball
2-2: Ball
3-2: Base on Balls
Herb Bunch to second
Batting: SHB Jeff Chambers 0-0: Ball
1-0: Ball
2-0: Ball
3-0: Called Strike
3-1: Foul Ball, location: 2F
3-2: Base on Balls
Herb Bunch to third
Nobuharu Hoshino to second
Batting: LHB Edwin Ryan 0-0: Ball
1-0: Fly out, F8 (Flyball, 89D)
Top of the 5th over - 0 run(s), 0 hit(s), 0 error(s), 3 left on base; Amarillo 5 - Birmingham 2
BOTTOM OF THE 5TH
Birmingham Barons batting - Pitching for Amarillo Archdukes : RHP Raymond Gregg
Batting: LHB Alberto Santos 0-0: SINGLE (Line Drive, 89S)
Batting: SHB Orlando Aguilar 0-0: Ball
1-0: Swinging Strike
1-1: Ball
2-1: Foul Ball, location: 2F
2-2: Ball
3-2: Foul Ball, location: 2F
3-2: Ground out 4-3 (Groundball, 4)
Alberto Santos to second
Batting: RHB Bryant von Bohlen 0-0: Ground out 6-3 (Groundball, 6S)
Alberto Santos to third
Batting: LHB Bob Jones 0-0: Ground out 4-3 (Groundball, 4)
Bottom of the 5th over - 0 run(s), 1 hit(s), 0 error(s), 1 left on base; Amarillo 5 - Birmingham 2
TOP OF THE 6TH
Amarillo Archdukes batting - Pitching for Birmingham Barons : RHP Michel Dallaire
Batting: RHB Esteban Lara 0-0: Ball
1-0: Ball
2-0: Ball
3-0: Base on Balls
Batting: SHB Álex Hernández 0-0: Ball
1-0: SINGLE (Line Drive, 78M)
Esteban Lara to second
Batting: LHB John Frost 0-0: Fielders Choice at 2nd, 4-6 (Groundball, 34)
Esteban Lara to third
Batting: LHB Michael Cook 0-0: Ball
John Frost steals 2nd base
1-0: Called Strike
1-1: Foul Ball, location: 2F
1-2: Strikes out swinging
Batting: RHB Herb Bunch 0-0: Called Strike
0-1: Foul Ball, location: 2F
0-2: Foul Ball, location: 2F
0-2: Foul Ball, location: 2F
0-2: SINGLE (Flyball, 9LS)
Esteban Lara scores
John Frost to third
Runner from 3rd tries for Home, SAFE, no throw
Pitching: LHP Richard Simpson
Batting: LHB Howard Lambert 0-0: Ball
1-0: Fielders Choice at 2nd, 4-6 (Groundball, 4)
Top of the 6th over - 2 run(s), 2 hit(s), 0 error(s), 0 left on base; Amarillo 7 - Birmingham 2
BOTTOM OF THE 6TH
Birmingham Barons batting - Pitching for Amarillo Archdukes : RHP Raymond Gregg
Batting: RHB Carlos Vásquez 0-0: Called Strike
0-1: Called Strike
0-2: Foul Ball, location: 2F
0-2: Ground out 6-3 (Groundball, 6)
Batting: RHB Warren Martin 0-0: Called Strike
0-1: Fly out, F7 (Flyball, 7)
Batting: RHB Jean-Paul St-Pierre 0-0: Foul Ball, location: 2F
0-1: Ball
1-1: Ball
2-1: Foul Ball, location: 2F
2-2: SINGLE (Line Drive, 89S)
Pitching: RHP Ignacio Torres
Batting: LHB John Haney 0-0: Called Strike
0-1: Ball
1-1: Called Strike
1-2: Foul Ball, location: 2F
1-2: Foul Ball, location: 2F
1-2: Strikes out swinging
Bottom of the 6th over - 0 run(s), 1 hit(s), 0 error(s), 1 left on base; Amarillo 7 - Birmingham 2
TOP OF THE 7TH
Amarillo Archdukes batting - Pitching for Birmingham Barons : LHP Richard Simpson
Batting: RHB Nobuharu Hoshino 0-0: Swinging Strike
0-1: Ball
1-1: Ball
2-1: Ball
3-1: Base on Balls
Batting: SHB Jeff Chambers 0-0: Ball
1-0: Ball
2-0: Called Strike
2-1: Ball
Balk!
Nobuharu Hoshino to second
3-1: Foul Ball, location: 2F
3-2: Foul Ball, location: 2F
3-2: Strikes out swinging
Batting: LHB Edwin Ryan 0-0: Called Strike
0-1: Ball
1-1: Foul Ball, location: 2F
1-2: Strikes out looking
Batting: RHB Esteban Lara 0-0: Called Strike
0-1: Foul Ball, location: 2F
0-2: Strikes out looking
Top of the 7th over - 0 run(s), 0 hit(s), 0 error(s), 1 left on base; Amarillo 7 - Birmingham 2
BOTTOM OF THE 7TH
Birmingham Barons batting - Pitching for Amarillo Archdukes : RHP Ignacio Torres
Batting: RHB Rusty Downy 0-0: Called Strike
0-1: Ball
1-1: Ground out 5-3 (Groundball, 5)
Batting: LHB Alberto Santos 0-0: Swinging Strike
0-1: Called Strike
0-2: Ball
1-2: Ball
2-2: Ball
3-2: Strikes out swinging passed ball, reaches first!
Batting: SHB Orlando Aguilar 0-0: Fly out, F7 (Flyball, 78XD)
Runner from 1st tags up, OUT at 2nd
Bottom of the 7th over - 0 run(s), 0 hit(s), 0 error(s), 0 left on base; Amarillo 7 - Birmingham 2
TOP OF THE 8TH
Amarillo Archdukes batting - Pitching for Birmingham Barons : LHP Richard Simpson
Batting: SHB Álex Hernández 0-0: Called Strike
0-1: Ground out 6-3 (Groundball, 6)
Batting: LHB John Frost 0-0: Ball
1-0: Foul Ball, location: 2F
1-1: Called Strike
1-2: Strikes out looking
Batting: LHB Michael Cook 0-0: Ball
1-0: Swinging Strike
1-1: SOLO HOME RUN (Flyball, 8LXD), Distance : 424 ft
Batting: RHB Herb Bunch 0-0: Ball
1-0: Foul Ball, location: 2F
1-1: Ball
2-1: Ball
3-1: SOLO HOME RUN (Flyball, 8LXD), Distance : 438 ft
Batting: LHB Howard Lambert 0-0: Called Strike
0-1: Foul Ball, location: 2F
0-2: Ball
1-2: Ball
2-2: Ball
3-2: Foul Ball, location: 2F
3-2: Foul Ball, location: 2F
3-2: Base on Balls
Batting: RHB Nobuharu Hoshino 0-0: SINGLE (Groundball, 34D)
Howard Lambert to second
Runner from 2nd tries for 3rd, SAFE, throw made to third
Nobuharu Hoshino to second
Batting: SHB Jeff Chambers 0-0: Ball
1-0: Swinging Strike
1-1: Foul Ball, location: 2F
1-2: SINGLE (Groundball, 6MD)
Howard Lambert scores
Nobuharu Hoshino to third
Runner from 3rd tries for Home, SAFE, no throw
Pitching: RHP Ken Lyons
Batting: LHB Edwin Ryan 0-0: Fly out, F9 (Flyball, 9)
Top of the 8th over - 4 run(s), 4 hit(s), 0 error(s), 1 left on base; Amarillo 11 - Birmingham 2
BOTTOM OF THE 8TH
Birmingham Barons batting - Pitching for Amarillo Archdukes : RHP Ignacio Torres
Batting: RHB Bryant von Bohlen 0-0: Ball
1-0: Swinging Strike
1-1: Ball
2-1: Foul Ball, location: 2F
2-2: Foul Ball, location: 2F
2-2: Strikes out swinging
Batting: LHB Bob Jones 0-0: Ball
1-0: Called Strike
1-1: Foul Ball, location: 2F
1-2: Strikes out looking
Batting: RHB Carlos Vásquez 0-0: Fly out, F8 (Flyball, 8RM)
Bottom of the 8th over - 0 run(s), 0 hit(s), 0 error(s), 0 left on base; Amarillo 11 - Birmingham 2
TOP OF THE 9TH
Amarillo Archdukes batting - Pitching for Birmingham Barons : RHP Ken Lyons
Pitching: RHP Guillermo Lozano
Batting: RHB Esteban Lara 0-0: Ball
1-0: Ball
2-0: Foul Ball, location: 2F
2-1: Ball
3-1: Foul Ball, location: 2F
3-2: SOLO HOME RUN (Flyball, 8LXD), Distance : 413 ft
Batting: SHB Álex Hernández 0-0: Foul Ball, location: 2F
0-1: Foul Ball, location: 2F
0-2: Ball
1-2: Fly out, F9 (Line Drive, 9)
Batting: LHB John Frost 0-0: Ball
1-0: Swinging Strike
1-1: Called Strike
1-2: Foul Ball, location: 2F
1-2: Strikes out swinging
Batting: LHB Michael Cook 0-0: Called Strike
0-1: Ball
1-1: Ball
2-1: Foul Ball, location: 2F
2-2: Ball
3-2: Fly out, F7 (Flyball, 78D)
Top of the 9th over - 1 run(s), 1 hit(s), 0 error(s), 0 left on base; Amarillo 12 - Birmingham 2
BOTTOM OF THE 9TH
Birmingham Barons batting - Pitching for Amarillo Archdukes : RHP Ignacio Torres
Batting: RHB Warren Martin 0-0: Ground out 4-3 (Groundball, 4M)
Pinch Hitting: RHB Dave Dawson 0-0: Foul Ball, location: 2F
0-1: Fly out, F8 (Line Drive, 8LM)
Batting: LHB John Haney 0-0: Ball
1-0: Swinging Strike
1-1: Fly out, F8 (Flyball, 78M)
Bottom of the 9th over - 0 run(s), 0 hit(s), 0 error(s), 0 left on base; Amarillo 12 - Birmingham 2
Tuesday, August 8th, 2017 - OOTP Baseball 17.12 Build 75